 Dungeon Crawl Stone Soup version 0.29.1-15-g9cfb28693d (webtiles) character file.

Game seed: 1611059962063016872

264 MisterFreud the Changer (level 5, 0/45 HPs)
             Began as a Draconian Transmuter on Apr 21, 2023.
             Slain by a hound (4 damage)
             ... on level 4 of the Dungeon.
             The game lasted 00:04:21 (3301 turns).

MisterFreud the Changer (Draconian Transmuter)      Turns: 3301, Time: 00:04:22

Health: 0/45       AC:  2    Str: 13    XL:     5   Next: 98%
Magic:  3/8        EV: 19    Int: 15    God:
Gold:   109        SH:  0    Dex: 16    Spells: 4/8 levels left

rFire   . . .      SeeInvis .     - Unarmed
rCold   . . .      Faith    .   (shield currently unavailable)
rNeg    . . .      Spirit   .   (body armour unavailable)
rPois   x          Reflect  .   (helmet currently unavailable)
rElec   .          Harm     .   (cloak currently unavailable)
rCorr   +          Rampage  .   (gloves currently unavailable)
Will    .....                   (boots currently unavailable)
Stlth   +.........              (no amulet)
HPRegen 0.15/turn               e - ring of resist corrosion
MPRegen 0.11/turn               (no ring)

@: spider-form, very slightly contaminated
A: venomous fangs, AC +5, tiny, unfitting armour, (cold-blooded)
a: End Transformation


You were on level 4 of the Dungeon.
You were a venomous arachnid creature.
You visited 1 branch of the dungeon, and saw 6 of its levels.

You collected 145 gold pieces.
You spent 36 gold pieces at shops.

Inventory:

Missiles
 k - 3 boomerangs
 n - 3 poisoned darts
Jewellery
 e - a ring of resist corrosion (left front leg)
 g - a +6 ring of strength
Wands
 i - a wand of light (7)
Scrolls
 c - a scroll of blinking
 l - 2 scrolls of poison
Potions
 a - a potion of lignification
 b - a potion of heal wounds {unknown}
 d - a potion of resistance
 f - a potion of brilliance {unknown}
 h - 2 potions of flight {unknown}
 m - 2 potions of curing


   Skills:
 + Level 3.0 Fighting
 - Level 1.7 Dodging
 + Level 4.0 Unarmed Combat
 - Level 2.0 Spellcasting
 - Level 5.0 Transmutations


You had 4 spell levels left.
You knew the following spells:

 Your Spells              Type           Power      Damage    Failure   Level
a - Beastly Appendage     Tmut           32%        N/A       10%         1
b - Spider Form           Tmut/Pois      9%         N/A       45%         3

Your spell library contained the following spells:

 Spells                   Type           Power      Damage    Failure   Level
 Wereblood                Tmut           16%        N/A       13%         2
 Summon Guardian Golem    Hex/Summ       1%         N/A       75%         3
 Ice Form                 Ice/Tmut       9%         N/A       80%         4
 Orb of Destruction       Conj           0%         9d5       100%        7
 Spellforged Servitor     Conj/Summ      0%         N/A       100%        7


Dungeon Overview and Level Annotations

Branches:
Dungeon (6/15)
 Temple: D:4-7

Altars:
Nemelex Xobeh

Shops:
D:2 *


Innate Abilities, Weirdness & Mutations

You are a venomous arachnid creature.
You have poisonous fangs.
You are tiny and dextrous.
Your spellcasting is less reliable in this form.
Your armour is entirely melded.
You are incapable of wielding weapons or throwing items.
((Your plain brown scales are hard. (AC +5)))
You cannot fit into any form of body armour.
((You are cold-blooded and may be slowed by cold attacks.))


Message History

Casting: Beastly Appendage (safe; 2% risk of failure)
Confirm with . or Enter, or press ? or * to list all spells.
The spell is quite dangerous to miscast (24% risk of failure)!
Continue anyway?
You miscast Spider Form.
You are very lightly contaminated with residual magic.
Nothing appears to happen.
The hound bites you.
* * * LOW HITPOINT WARNING * * *
The hound bites you.
* * * LOW HITPOINT WARNING * * *
Unknown command.
Unknown command.
Casting: Spider Form (quite dangerous; 24% risk of failure)
Confirm with . or Enter, or press ? or * to list all spells.
The spell is quite dangerous to miscast (24% risk of failure)!
Continue anyway?
Your horns disappear.
Your talons disappear.
You turn into a venomous arachnid creature.
The hound misses you.
You hit the hound but do no damage. The hound misses you.
You hit the hound.
The hound is moderately wounded.
The hound bites you.
* * * LOW HITPOINT WARNING * * *
The hound completely misses you.
You barely miss the hound.
The hound is moderately wounded.
The hound closely misses you.
You barely miss the hound.
The hound is moderately wounded.
The hound bites you.
* * * LOW HITPOINT WARNING * * *
The hound completely misses you.
You feel better. The hound barely misses you.
You hit the hound but do no damage.
The hound is moderately wounded.
The hound bites you.
* * * LOW HITPOINT WARNING * * *
You barely miss the hound.
The hound is moderately wounded.
The hound closely misses you. The hound bites you.
You die...

#.......#..........#
#.......#..........######
.......................>#
#.......######..........#
# #.......#
#.....<#$###.## #.......#
#.#.).......... #########
#.#.###S..##.#
#.#.#.#......#
#.#s#.#.#.####
#.#)h.#.#.# ##....# #
...........# ....##.#####
....# #(# #... #.# #..
#.# .. #.#


You could see a hound.

Vanquished Creatures
  A bullfrog (D:6)
  A howler monkey (D:4)
  An orc priest (D:2)
  Ijyb (D:3)
  Natasha (D:4)
  Robin (D:3)
  2 worms
  A dart slug (D:1)
  4 orcs (D:2)
  2 bats
  3 endoplasms (D:1)
  2 giant cockroaches (D:2)
  5 hobgoblins
  5 kobolds
  4 quokkas
  9 ball pythons
  3 frilled lizards
  11 goblins
  A rat (D:1)
58 creatures vanquished.

Notes
Turn   | Place    | Note
-------+----------+-------------------------------------------
     0 | D:1      | MisterFreud the Draconian Transmuter began the quest for
                  | the Orb.
     0 | D:1      | Reached XP level 1. HP: 16/16 MP: 3/3
   256 | D:1      | Reached XP level 2. HP: 23/23 MP: 3/5
   456 | D:1      | Reached skill level 3 in Transmutations
  1027 | D:1      | Found a faded altar of an unknown god.
  1316 | D:2      | Reached XP level 3. HP: 28/28 MP: 4/6
  1360 | D:2      | Learned a level 3 spell: Spider Form
  1794 | D:2      | Found a sparkling altar of Nemelex Xobeh.
  1826 | D:2      | Found Giub's Assorted Antiques.
  1832 | D:2      | Reached skill level 4 in Transmutations
  1832 | D:2      | Reached XP level 4. HP: 11/35 MP: 3/7
  2123 | D:2      | Bought a sedimented blue potion for 18 gold pieces
  2123 | D:2      | Bought a sedimented blue potion for 18 gold pieces
  2861 | D:3      | You fall into a shaft and drop 3 floors!
  2863 | D:6      | Noticed a bullfrog
  2877 | D:6      | Killed a bullfrog
  2878 | D:6      | Reached skill level 5 in Transmutations
  2878 | D:6      | Reached XP level 5. HP: 26/41 MP: 3/8
  2879 | D:5      | Entered Level 5 of the Dungeon
  2883 | D:4      | Noticed Natasha
  2887 | D:4      | Killed Natasha
  3082 | D:3      | Noticed Robin
  3108 | D:3      | Killed Robin
  3109 | D:3      | Noticed Ijyb
  3120 | D:3      | Killed Ijyb
  3122 | D:3      | Noticed an ogre
  3298 | D:4      | HP: 1/45 [hound (5)]
  3301 | D:4      | Slain by a hound

Illustrated notes

Levels and vault maps discovered:
D:1:      lightli_iron_boxes, layout_loops_ring,
          shapermc_ecumenical_altar_totnotflames
D:2:      layout_basic, basic_altar, serial_shops, shop, grunt_ministairs_4
D:3:      layout_loops_corners, solitary_fountain,
          wander_ebering_terrifying_dragon_lair, uniq_crazy_yiuf_cottage,
          uniq_robin, uniq_ijyb, uniq_jessica
D:4:      layout_basic, nicolae_yredelemnul_ghost_church,
          mainiacjoe_overflow_alcove_3, amcnicky_altar_gilded, serial_shops,
          shop, uniq_natasha
D:5:      layout_basic
D:6:      layout_loops_corners, eat_drink_and_be_merry_uskayaw,
          minmay_temple_entry_junction, portal_sewer_entry_c,
          nicolae_take_the_stairs

Skill      XL: |  1  2  3  4  5 |
---------------+----------------+-----
Transmutations | 3 4 5 |  5.0
Fighting       | 3 |  3.0
Unarmed Combat | 4 |  4.0
Dodging        | |  1.7
Spellcasting   | |  2.0

Action                   |  1- 3 |  4- 6 || total
-------------------------+-------+-------++-------
Melee: Unarmed           |    82 |    66 ||   148
       Kick              |    13 |     1 ||    14
       Tailslap          |     9 |     4 ||    13
       Headbutt          |     4 |     1 ||     5
       Punch             |       |     1 ||     1
 Cast: Beastly Appendage |    22 |     7 ||    29
       Spider Form       |     1 |     5 ||     6
  Use: Scroll            |     2 |     7 ||     9
       Potion            |       |     1 ||     1
 Stab: Sleeping          |     1 |       ||     1
Armor: Skin              |    21 |    11 ||    32
Dodge: Dodged            |    61 |    35 ||    96
